 Dungeon Crawl Stone Soup version 0.25.1-2-g60ff931df9 (webtiles) character file.

Game seed: 12457808906030094316

149 Araneus the Sneak (level 5, 0/41 HPs)
             Began as a Draconian Assassin on Sept 25, 2020.
             Slain by a gnoll
             ... wielding a +0 halberd
              (3 damage)
             ... on level 3 of the Dungeon.
             The game lasted 00:04:24 (1227 turns).

Araneus the Sneak (Draconian Assassin)              Turns: 1227, Time: 00:04:24

Health: 0/41       AC:  7    Str: 10 (13) XL:     5   Next: 9%
Magic:  5/5        EV: 11    Int: 10 (12) God:
Gold:   40         SH:  0    Dex: 11 (13) Spells: 4/4 levels left

rFire    . . .     SeeInvis .   a - +2 dagger
rCold    . . .     Gourm    .   (no shield)
rNeg     . . .     Faith    .   (armour unavailable)
rPois    .         Spirit   .   (helmet restricted)
rElec    .         Reflect  .   b - +0 cloak
rCorr    .         Harm     .   m - +0 pair of gloves
MR       .....                  (no boots)
Stlth    +++.......             (no amulet)
HPRegen  0.13/turn              (no ring)
MPRegen  0.09/turn              (no ring)

@: no status effects
A: unfitting armour, cold-blooded, AC +5
a: no special abilities


You were on level 3 of the Dungeon.
You were not hungry.

You visited 1 branch of the dungeon, and saw 3 of its levels.

You collected 40 gold pieces.

Inventory:

Hand Weapons
 a - a +2 dagger (weapon)
Missiles
 c - 29 poisoned darts (quivered)
 d - 2 curare-tipped darts
Armour
 b - a +0 cloak (worn)
 m - a +0 pair of gloves (worn)
Wands
 n - a wand of digging (6)
Scrolls
 e - 4 scrolls of identify {unknown}
 h - a scroll of remove curse {unknown}
 k - 2 scrolls of teleportation {unknown}
 l - a scroll of fear {unknown}
 p - a scroll of blinking {unknown}
Potions
 g - a potion of haste {unknown}
 i - 2 potions of degeneration
 j - a potion of ambrosia {unknown}
 q - a potion of curing {unknown}
Comestibles
 f - 5 rations
 o - 4 chunks of flesh


   Skills:
 - Level 2.1 Fighting
 * Level 3.6 Short Blades
 + Level 1.8 Throwing
 - Level 0.8 Dodging
 + Level 5.3 Stealth


You had 4 spell levels left.
You didn't know any spells.
Your spell library was empty.

Dungeon Overview and Level Annotations

Branches:
Dungeon (3/15)

Altars:
Ashenzari
Kikubaaqudgha

Annotations:
D:2 1 runed translucent door


Innate Abilities, Weirdness & Mutations

Your plain brown scales are hard. (AC +5)
You cannot fit into any form of body armour.
You are cold-blooded and may be slowed by cold attacks.


Message History

The gnoll is lightly wounded.
You hit the gnoll but do no damage.
The gnoll is moderately wounded.
The gnoll hits you with a +0 halberd.
You are too injured to fight recklessly!
You are too injured to fight recklessly!
You are too injured to fight recklessly!
You are too injured to fight recklessly!
You closely miss the gnoll.
The gnoll is moderately wounded.
The gnoll hits you with a +0 halberd.
You hit the gnoll. You tail-slap the gnoll.
The gnoll is severely wounded.
The gnoll hits you with a +0 halberd!
* * * LOW HITPOINT WARNING * * *
It was a potion of degeneration.
There was something very wrong with that liquid.
You feel weakened.
You feel dopey.
You feel clumsy.
The gnoll hits you from afar with a +0 halberd.
You die...

#.....# #.....#
#(###.# #.##### #.#
#.####.# #.#
#......#
#.##########
#.....#######
#.###.##....#
#####.##....########
#.....#....@'ggg....
#.##..#.....###'####
# #..#.....#
##.##.>#.)...#
#......#.....#
#####.##.#####
#....# ######


You could see 3 gnolls.

Vanquished Creatures
  An ogre (D:2)
  2 adders (D:2)
  2 oozes
  A dart slug (D:2)
  An orc (D:3)
  4 bats
  A bat zombie (D:2)
  3 giant cockroaches (D:2)
  6 goblins
  3 hobgoblins
  3 kobolds
  2 ball pythons (D:2)
  A frilled lizard (D:1)
  3 rats
  2 rat zombies (D:2)
35 creatures vanquished.

Notes
Turn   | Place    | Note
-------+----------+-------------------------------------------
     0 | D:1      | Araneus the Draconian Assassin began the quest for the Orb.
     0 | D:1      | Reached XP level 1. HP: 17/17 MP: 1/1
   144 | D:1      | Found a shattered altar of Ashenzari.
   411 | D:1      | Reached skill level 4 in Stealth
   458 | D:1      | Reached XP level 2. HP: 24/24 MP: 2/2
   652 | D:2      | Noticed an ogre
   685 | D:2      | Killed an ogre
   685 | D:2      | Reached skill level 5 in Stealth
   685 | D:2      | Reached XP level 3. HP: 15/29 MP: 3/3
   685 | D:2      | Reached XP level 4. HP: 19/36 MP: 4/4
   910 | D:2      | Found an ancient bone altar of Kikubaaqudgha.
  1073 | D:2      | Reached XP level 5. HP: 41/41 MP: 5/5
  1154 | D:2      | Found a runed translucent door.
  1225 | D:3      | HP: 2/41 [gnoll/+0 halberd (13)]
  1227 | D:3      | Slain by a gnoll

Illustrated notes

Levels and vault maps discovered:
D:1:      ncdulo_watergridlock, layout_basic, ashenzari_altar_1
D:2:      layout_rooms, lemuel_zombie_altar_kikubaaqudgha,
          uniq_crazy_yiuf_cottage
D:3:      layout_basic, guppyfry_early_lair_pool, uniq_ijyb, uniq_natasha,
          uniq_terence, uniq_sigmund

Skill      XL: |  1  2 |
---------------+-------+-----
Stealth        | 4 5 |  5.3
Short Blades   | 3 |  3.6
Fighting       | |  2.1
Throwing       | |  1.8
Dodging        | |  0.8

Action                   |  1- 3 |  4- 6 || total
-------------------------+-------+-------++-------
Melee: Dagger            |    49 |    50 ||    99
       Tailslap          |     4 |     5 ||     9
Throw: Dart              |    11 |     3 ||    14
  Use: Potion            |       |     1 ||     1
 Stab: Sleeping          |     1 |     7 ||     8
  Eat: Chunk             |       |     1 ||     1
Armor: Skin              |    16 |    12 ||    28
Dodge: Dodged            |    34 |    17 ||    51
